NYP
WILLIAMSPORT CROSSCUTTERS @ CINCINNATI (NYP) REDS
04/18/2045
 
TOP OF THE 1ST
Williamsport Crosscutters batting - Pitching for Cincinnati (NYP) Reds : RHP Kevin Nabity
Pitching: RHP Kevin Nabity
Batting: RHB Tony Perez 0-0: Ball
1-0: Called Strike
1-1: Ball
2-1: Swinging Strike
2-2: Ball
3-2: Strikes out swinging
Batting: RHB Joe Hewitt 0-0: Called Strike
0-1: Foul Ball, location: 2F
0-2: Ball
1-2: Foul Ball, location: 2F
1-2: Strikes out looking
Batting: LHB Alex Fernandez 0-0: Ball
1-0: Ground out 4-3 (Groundball, 4, EV 100.6 MPH)
Top of the 1st over - 0 runs, 0 hits, 0 errors, 0 left on base; Williamsport 0 - Cincinnati (NYP) 0
BOTTOM OF THE 1ST
Cincinnati (NYP) Reds batting - Pitching for Williamsport Crosscutters : RHP Marcos Tapia
Pitching: RHP Marcos Tapia
Batting: RHB Pedro Pinero 0-0: Called Strike
0-1: Ball
1-1: Ground out 6-3 (Groundball, 6, EV 89.4 MPH)
Batting: LHB Phil Lomax 0-0: Ball
1-0: Foul Ball, location: 2F
1-1: Called Strike
1-2: Ball
2-2: Ground out U3 (Groundball, 34, EV 91.3 MPH)
Batting: LHB David Moore 0-0: Swinging Strike
0-1: Swinging Strike
0-2: Fly out, F8 (Line Drive, 8LM, EV 98.1 MPH)
Bottom of the 1st over - 0 runs, 0 hits, 0 errors, 0 left on base; Williamsport 0 - Cincinnati (NYP) 0
TOP OF THE 2ND
Williamsport Crosscutters batting - Pitching for Cincinnati (NYP) Reds : RHP Kevin Nabity
Batting: RHB Allen Gravel 0-0: Ball
1-0: Called Strike
1-1: Called Strike
1-2: SINGLE (Line Drive, 9S, EV 111.9 MPH)
Batting: RHB Alan Weller 0-0: Ball
1-0: Foul Ball, location: 2F
1-1: Grounds into double play, 5-4-3 (Groundball, 56, EV 111.3 MPH)
Batting: RHB Trent Hedrick 0-0: Ball
1-0: Ball
2-0: Ground out U3 (Groundball, 3S, EV 90.0 MPH)
Top of the 2nd over - 0 runs, 1 hit, 0 errors, 0 left on base; Williamsport 0 - Cincinnati (NYP) 0
BOTTOM OF THE 2ND
Cincinnati (NYP) Reds batting - Pitching for Williamsport Crosscutters : RHP Marcos Tapia
Batting: RHB Tony Diaz 0-0: SINGLE (Flyball, 78M, EV 81.3 MPH)
Batting: RHB Ben Hinman 0-0: Called Strike
0-1: Called Strike
0-2: Strikes out swinging
Batting: RHB Frank Moron 0-0: Ball
1-0: Ball
2-0: Ball
3-0: Base on Balls
Tony Diaz to second
Batting: LHB James Himes 0-0: Called Strike
0-1: Ball
1-1: Ball
2-1: Ball
3-1: Base on Balls
Tony Diaz to third
Frank Moron to second
Batting: LHB Brian Snyder 0-0: Ball
1-0: Ball
2-0: Called Strike
2-1: Swinging Strike
2-2: Strikes out looking
Batting: RHB Ernie Noiles 0-0: Fielders Choice at 2nd, 5-4 (Groundball, 56, EV 86.9 MPH)
Bottom of the 2nd over - 0 runs, 1 hit, 0 errors, 3 left on base; Williamsport 0 - Cincinnati (NYP) 0
TOP OF THE 3RD
Williamsport Crosscutters batting - Pitching for Cincinnati (NYP) Reds : RHP Kevin Nabity
Batting: RHB Jose Corral 0-0: SINGLE (Groundball, 34D, EV 109.4 MPH)
Batting: RHB Ken Gadberry 0-0: Ball
1-0: Ball
2-0: Foul Ball, location: 2F
2-1: Fielders Choice at 2nd, 3-6 (Groundball, 34S, EV 85.0 MPH)
Batting: RHB Dave Gallegos 0-0: Swinging Strike
0-1: Foul Ball, location: 2F
0-2: Foul Ball, location: 2F
0-2: Fly out, F7 (Flyball, 78D, EV 91.9 MPH)
Batting: RHB Tony Perez 0-0: Called Strike
0-1: Called Strike
0-2: Ball
1-2: Ball
2-2: Ball
3-2: Strikes out swinging
Top of the 3rd over - 0 runs, 1 hit, 0 errors, 1 left on base; Williamsport 0 - Cincinnati (NYP) 0
BOTTOM OF THE 3RD
Cincinnati (NYP) Reds batting - Pitching for Williamsport Crosscutters : RHP Marcos Tapia
Batting: RHB Pedro Pinero 0-0: Called Strike
0-1: Called Strike
0-2: Ball
1-2: Ball
2-2: Ball
3-2: Foul Ball, location: 2F
3-2: DOUBLE (Line Drive, 7LD, EV 107.5 MPH)
Batting: LHB Phil Lomax 0-0: Ball
1-0: Ground out 6-3 (Groundball, 6, EV 80.6 MPH)
Pedro Pinero to third
Batting: LHB David Moore 0-0: Ball
1-0: Called Strike
1-1: Ball
2-1: Called Strike
2-2: Ball
3-2: Fly out, F8 (Flyball, 78D, EV 104.4 MPH)
Runner from 3rd tags up, SCORES, throw by CF
Batting: RHB Tony Diaz 0-0: Called Strike
0-1: Fly out, F7 (Flyball, 7LM, EV 78.1 MPH)
Bottom of the 3rd over - 1 run, 1 hit, 0 errors, 0 left on base; Williamsport 0 - Cincinnati (NYP) 1
TOP OF THE 4TH
Williamsport Crosscutters batting - Pitching for Cincinnati (NYP) Reds : RHP Kevin Nabity
Batting: RHB Joe Hewitt 0-0: Ball
1-0: Foul Ball, location: 2F
1-1: Swinging Strike
1-2: Fly out, F9 (Flyball, 9LS, EV 85.0 MPH)
Batting: LHB Alex Fernandez 0-0: Ground out 5-3 (Groundball, 56, EV 101.3 MPH)
Batting: RHB Allen Gravel 0-0: Swinging Strike
0-1: Foul Ball, location: 2F
0-2: Strikes out swinging
Top of the 4th over - 0 runs, 0 hits, 0 errors, 0 left on base; Williamsport 0 - Cincinnati (NYP) 1
BOTTOM OF THE 4TH
Cincinnati (NYP) Reds batting - Pitching for Williamsport Crosscutters : RHP Marcos Tapia
Batting: RHB Ben Hinman 0-0: Called Strike
0-1: Foul Ball, location: 2F
0-2: Strikes out looking
Batting: RHB Frank Moron 0-0: Ball
1-0: Foul Ball, location: 2F
1-1: DOUBLE (Line Drive, 78D, EV 111.9 MPH)
Batting: LHB James Himes 0-0: Called Strike
0-1: Ball
1-1: Ball
2-1: Ball
3-1: Swinging Strike
3-2: Strikes out looking
Batting: LHB Brian Snyder 0-0: Called Strike
0-1: Foul Ball, location: 2F
0-2: Strikes out swinging
Bottom of the 4th over - 0 runs, 1 hit, 0 errors, 1 left on base; Williamsport 0 - Cincinnati (NYP) 1
TOP OF THE 5TH
Williamsport Crosscutters batting - Pitching for Cincinnati (NYP) Reds : RHP Kevin Nabity
Batting: RHB Alan Weller 0-0: Called Strike
0-1: Ground out 4-3 (Groundball, 4, EV 75.6 MPH)
Batting: RHB Trent Hedrick 0-0: Ball
1-0: Ball
2-0: Called Strike
2-1: Ground out 5-3 (Groundball, 25, EV 91.9 MPH)
Batting: RHB Jose Corral 0-0: Ball
1-0: Ball
2-0: Fly out, F8 (Flyball, 8RD, EV 96.3 MPH)
Top of the 5th over - 0 runs, 0 hits, 0 errors, 0 left on base; Williamsport 0 - Cincinnati (NYP) 1
BOTTOM OF THE 5TH
Cincinnati (NYP) Reds batting - Pitching for Williamsport Crosscutters : RHP Marcos Tapia
Batting: RHB Ernie Noiles 0-0: SINGLE (Flyball, 6MD, EV 97.5 MPH)
Batting: RHB Pedro Pinero 0-0: Ball
1-0: Ball
2-0: Ball
3-0: Called Strike
3-1: Base on Balls
Ernie Noiles to second
Batting: LHB Phil Lomax 0-0: Called Strike
0-1: Fielders Choice at 2nd, 4-6 (Groundball, 4, EV 82.5 MPH)
Ernie Noiles to third
Batting: LHB David Moore 0-0: Ball
Phil Lomax steals 2nd, throwing error, E2
Ernie Noiles scores
Phil Lomax to third
1-0: Ball
2-0: Ball
3-0: Called Strike
3-1: Base on Balls
Pitching: RHP David LaBounty
Batting: RHB Tony Diaz 0-0: Fly out, F9 (Flyball, 9S, EV 92.5 MPH)
Batting: RHB Ben Hinman 0-0: Called Strike
0-1: Ball
1-1: Fly out, F3 (Popup, 3L, EV 64.4 MPH)
Bottom of the 5th over - 1 run, 1 hit, 1 error, 2 left on base; Williamsport 0 - Cincinnati (NYP) 2
TOP OF THE 6TH
Williamsport Crosscutters batting - Pitching for Cincinnati (NYP) Reds : RHP Kevin Nabity
Batting: RHB Ken Gadberry 0-0: Called Strike
0-1: Fly out, F8 (Flyball, 78D, EV 94.4 MPH)
Batting: RHB Dave Gallegos 0-0: Called Strike
0-1: Ball
1-1: Foul Ball, location: 2F
1-2: Ground out 5-3 (Groundball, 56S, EV 87.5 MPH)
Batting: RHB Tony Perez 0-0: Ball
1-0: Ball
2-0: Ball
3-0: Base on Balls
Batting: RHB Joe Hewitt 0-0: Called Strike
Tony Perez steals 2nd base
0-1: Swinging Strike
0-2: Foul Ball, location: 2F
0-2: Reached via error on a dropped throw from P, E3 (Groundball, 15S, EV 61.9 MPH)
Tony Perez to third
Batting: LHB Alex Fernandez 0-0: Called Strike
0-1: Ball
1-1: SINGLE (Groundball, 6MD, EV 99.4 MPH)
Tony Perez scores
Joe Hewitt to second
Runner from 2nd tries for 3rd, OUT! 8-5
Top of the 6th over - 1 run, 1 hit, 1 error, 1 left on base; Williamsport 1 - Cincinnati (NYP) 2
BOTTOM OF THE 6TH
Cincinnati (NYP) Reds batting - Pitching for Williamsport Crosscutters : RHP David LaBounty
Batting: RHB Frank Moron 0-0: Called Strike
0-1: Fly out, F6 (Flyball, 6D, EV 91.9 MPH)
Batting: LHB James Himes 0-0: Swinging Strike
0-1: Called Strike
0-2: Ball
1-2: Ball
2-2: Ball
3-2: Strikes out swinging
Batting: LHB Brian Snyder 0-0: Called Strike
0-1: Fly out, F8 (Flyball, 8LM, EV 88.1 MPH)
Bottom of the 6th over - 0 runs, 0 hits, 0 errors, 0 left on base; Williamsport 1 - Cincinnati (NYP) 2
TOP OF THE 7TH
Williamsport Crosscutters batting - Pitching for Cincinnati (NYP) Reds : RHP Kevin Nabity
Batting: RHB Allen Gravel 0-0: Ball
1-0: Ground out 6-3 (Groundball, 6MD, EV 88.1 MPH)
Batting: RHB Alan Weller 0-0: Called Strike
0-1: Ball
1-1: Ball
2-1: Swinging Strike
2-2: Ball
3-2: Fly out, F8 (Flyball, 8RD, EV 100.0 MPH)
Batting: RHB Trent Hedrick 0-0: Ball
1-0: Ball
2-0: Reached on error, E6 (Popup, 6, EV 63.8 MPH)
Batting: RHB Jose Corral 0-0: Called Strike
0-1: Foul Ball, location: 2F
0-2: Fly out, F8 (Flyball, 8LM, EV 98.8 MPH)
Top of the 7th over - 0 runs, 0 hits, 1 error, 1 left on base; Williamsport 1 - Cincinnati (NYP) 2
BOTTOM OF THE 7TH
Cincinnati (NYP) Reds batting - Pitching for Williamsport Crosscutters : RHP David LaBounty
Pitching: RHP Victor Hurtado
Batting: RHB Ernie Noiles 0-0: Ball
1-0: SOLO HOME RUN (Flyball, 7LD, EV 95.6 MPH), Distance : 367 ft
Batting: RHB Pedro Pinero 0-0: Ball
1-0: Ball
2-0: Called Strike
2-1: Ball
3-1: Called Strike
3-2: SINGLE (Flyball, 8RS, EV 93.1 MPH)
Batting: LHB Phil Lomax 0-0: Ball
1-0: Called Strike
1-1: Ball
2-1: SINGLE (Groundball, 25, EV 70.6 MPH) (infield hit)
Pedro Pinero to second
Batting: LHB David Moore 0-0: Ball
1-0: Grounds into double play, 6-4-3 (Groundball, 6, EV 101.9 MPH)
Pedro Pinero to third
Batting: RHB Tony Diaz 0-0: Ball
1-0: SINGLE (Groundball, 56D, EV 104.4 MPH)
Pedro Pinero scores
Batting: RHB Ben Hinman 0-0: Ball
1-0: Ball
2-0: Ball
3-0: Called Strike
3-1: Base on Balls
Tony Diaz to second
Batting: RHB Frank Moron 0-0: Swinging Strike
0-1: Ball
Passed Ball!
Tony Diaz to third
Ben Hinman to second
1-1: Called Strike
1-2: Ball
2-2: Strikes out swinging
Bottom of the 7th over - 2 runs, 4 hits, 0 errors, 2 left on base; Williamsport 1 - Cincinnati (NYP) 4
TOP OF THE 8TH
Williamsport Crosscutters batting - Pitching for Cincinnati (NYP) Reds : RHP Kevin Nabity
Batting: RHB Ken Gadberry 0-0: Ball
1-0: Ball
2-0: Ball
3-0: Base on Balls
Batting: RHB Dave Gallegos 0-0: Called Strike
0-1: Swinging Strike
0-2: Foul Ball, location: 2F
0-2: Fly out, F7 (Flyball, 78M, EV 86.9 MPH)
Batting: RHB Tony Perez 0-0: Foul Ball, location: 2F
0-1: Ball
1-1: Swinging Strike
1-2: Foul Ball, location: 2F
1-2: Ball
2-2: SINGLE (Groundball, 34, EV 100.0 MPH)
Ken Gadberry to second
Runner from 2nd tries for 3rd, SAFE, throw by RF made to third
Batting: RHB Joe Hewitt 0-0: Called Strike
0-1: Foul Ball, location: 2F
0-2: Strikes out looking
Batting: LHB Alex Fernandez 0-0: Ball
1-0: Foul Ball, location: 2F
1-1: Swinging Strike
1-2: Strikes out swinging
Top of the 8th over - 0 runs, 1 hit, 0 errors, 2 left on base; Williamsport 1 - Cincinnati (NYP) 4
BOTTOM OF THE 8TH
Cincinnati (NYP) Reds batting - Pitching for Williamsport Crosscutters : RHP Victor Hurtado
Batting: LHB James Himes 0-0: Ball
1-0: Ground out 5-3 (Groundball, 5, EV 83.1 MPH)
Batting: LHB Brian Snyder 0-0: SOLO HOME RUN (Flyball, 9D, EV 97.5 MPH), Distance : 379 ft
Pitching: RHP Dustin Greaves
Batting: RHB Ernie Noiles 0-0: Ball
1-0: Ball
2-0: Ball
3-0: Base on Balls
Batting: RHB Pedro Pinero 0-0: Called Strike
Ernie Noiles steals 2nd base
0-1: Ball
1-1: Foul Ball, location: 2F
1-2: Strikes out swinging
Batting: LHB Phil Lomax 0-0: Ball
1-0: Ball
2-0: Ground out 4-3 (Groundball, 4, EV 87.5 MPH)
Bottom of the 8th over - 1 run, 1 hit, 0 errors, 1 left on base; Williamsport 1 - Cincinnati (NYP) 5
TOP OF THE 9TH
Williamsport Crosscutters batting - Pitching for Cincinnati (NYP) Reds : RHP Kevin Nabity
Batting: RHB Allen Gravel 0-0: Fly out, F8 (Flyball, 8LM, EV 93.1 MPH)
Batting: RHB Alan Weller 0-0: Ball
1-0: Called Strike
1-1: Ball
2-1: Foul Ball, location: 2F
2-2: Foul Ball, location: 2F
2-2: Ball
3-2: Foul Ball, location: 2F
3-2: DOUBLE (Line Drive, 8RXD, EV 100.0 MPH)
Batting: RHB Trent Hedrick 0-0: Ball
1-0: Ball
2-0: Ball
3-0: Base on Balls
Batting: RHB Jose Corral 0-0: Called Strike
0-1: Ball
1-1: Ball
2-1: Ball
3-1: Called Strike
3-2: Strikes out swinging
Batting: RHB Ken Gadberry 0-0: Called Strike
0-1: Swinging Strike
0-2: Strikes out swinging
Top of the 9th over - 0 runs, 1 hit, 0 errors, 2 left on base; Williamsport 1 - Cincinnati (NYP) 5
Wednesday, June 22nd , 2022 - OOTP Baseball 23.4 Build 64